 Dungeon Crawl Stone Soup version 0.22.0-49-gab54619 (webtiles) character file.

19 Starchild the Vexing (level 2, 0/16 HPs)
             Began as a Kobold Arcane Marksman on Sept 8, 2018.
             Succumbed to an adder's poison
             ... on level 2 of the Dungeon.
             The game lasted 00:02:49 (594 turns).

Starchild the Vexing (Kobold Arcane Marksman)        Turns: 594, Time: 00:02:50

Health: 0/16       AC:  2    Str:  7    XL:     2   Next: 95%
Magic:  3/3        EV: 15    Int: 14    God:
Gold:   43         SH:  0    Dex: 15    Spells: 0/3 levels left

rFire    . . .     SeeInvis .   a - +0 hand crossbow
rCold    . . .     Gourm    .   (shield restricted)
rNeg     . . .     Faith    .   e - +0 robe
rPois    .         Spirit   .   (no helmet)
rElec    .         Reflect  .   (no cloak)
rCorr    .         Harm     .   (no gloves)
MR       .....                  (no boots)
Stlth    +.........             (no amulet)
HPRegen  0.05/turn              (no ring)
MPRegen  0.08/turn              (no ring)

@: lethally poisoned (0 -> -7), invisible
A: small, carnivore
a: no special abilities


You were on level 2 of the Dungeon.
You were not hungry.

You visited 1 branch of the dungeon, and saw 2 of its levels.

You collected 43 gold pieces.

Inventory:

Hand Weapons
 a - a +0 hand crossbow (weapon)
 j - a +0 dagger
Missiles
 d - 13 bolts (quivered)
 i - 22 stones
Armour
 e - a +0 robe (worn)
Scrolls
 b - 3 scrolls of amnesia {unknown}
 g - a scroll of fear {unknown}
 h - a scroll of magic mapping {unknown}
Comestibles
 f - a ration


   Skills:
 - Level 1.1 Fighting
 + Level 2.8 Crossbows
 - Level 2.4 Dodging
 - Level 1.1 Spellcasting
 - Level 3.7 Hexes


You couldn't memorise any spells.
You knew the following spells:

 Your Spells              Type           Power        Failure   Level  Hunger
a - Corona                Hex            ##.....      5%          1    ##.....
b - Slow                  Hex            ##......     9%          2    ###....

Your spell library contained the following spells:

 Spells                   Type           Power        Failure   Level  Hunger
 Confusing Touch          Hex            ##....       5%          1    ##.....
 Confuse                  Hex            ##......     17%         3    ####...
 Inner Flame              Hex/Fire       #.......     36%         3    ####...
 Portal Projectile        Hex/Tloc       #.....       36%         3    ####...
 Cause Fear               Hex            ##........   50%         4    #####..
 Gell's Gravitas          Tloc           #.........   61%         3    ####...
 Leda's Liquefaction      Hex/Erth       #.........   77%         4    #####..
 Petrify                  Tmut/Erth      #.......     95%         4    #####..
 Metabolic Englaciation   Hex/Ice        #.........   98%         5    ######.
 Yara's Violent Unravell  Hex/Tmut       #.........   98%         5    ######.


Dungeon Overview and Level Annotations

Branches:
Dungeon (1/15)

Altars:


Innate Abilities, Weirdness & Mutations

You are small and have problems with some larger weapons.
You are carnivorous and can eat meat at any time.


Message History

The adder bites you but does no damage. The adder bites you.
Firing (i - inventory. (/) - cycle)
d - 15 bolts (quivered)
Press: ? - help, Shift-Dir - straight line, f/p - adder
Aim: an adder (heavily wounded)
You shoot a bolt. The bolt hits the adder.
The adder is severely wounded.
The bat closely misses you. x2; The adder closely misses you.
The adder bites you.
* * * LOW HITPOINT WARNING * * *
Firing (i - inventory. (/) - cycle)
d - 14 bolts (quivered)
Press: ? - help, Shift-Dir - straight line, f/p - adder
Aim: an adder (severely wounded)
You shoot a bolt. The bolt closely misses the adder.
The bat misses you. The bat closely misses you. The adder bites you.
* * * LOW HITPOINT WARNING * * *
You are lethally poisoned!
The adder poisons you!
It was a potion of invisibility.
You fade into invisibility!
You die...

........# #.#
####.#####.# #
#..........#
#.##.##w#######
#.......#
####(####
#....w(#
#.#.##S#
.....##@#
###.####b# #.
#.# # ..# ###


You could see a worm, an adder and a bat.

Vanquished Creatures
  2 dart slugs (D:1)
  2 bats (D:1)
  3 goblins (D:1)
  2 hobgoblins (D:1)
  3 kobolds (D:1)
  3 rats (D:1)
15 creatures vanquished.

Notes
Turn   | Place    | Note
-------+----------+-------------------------------------------
     0 | D:1      | Starchild the Kobold Arcane Marksman began the quest for
                  | the Orb.
     0 | D:1      | Reached XP level 1. HP: 12/12 MP: 2/2
    88 | D:1      | Reached XP level 2. HP: 16/16 MP: 3/3
   529 | D:1      | Learned a level 2 spell: Slow
   571 | D:1      | You fall through a shaft!
   594 | D:2      | Succumbed to an adder's poison

Action                   || total
-------------------------++-------
Melee: Club              ||    20
       Dagger            ||     5
 Fire: Hand crossbow     ||    15
  Use: Potion            ||     1
 Stab: Sleeping          ||     1
Armor: Robe              ||     7
Dodge: Dodged            ||    26
